Map: Traitor's Exile

Players

ILIEKEGGPIE

  • Race: Protoss Protoss
  • League: Gold
  • Spawn Location: 9:00

BizMac

  • Race: Zerg Zerg
  • Spawn Location: 12:00

Oiba - Winner!

  • Race: Protoss Protoss
  • League: Platinum
  • Spawn Location: 6:00

hotwire - Winner!

  • Race: Protoss Protoss
  • League: Platinum
  • Spawn Location: 5:00

VOD

Have the link to the VOD?

Description

Time

  • Played on: April 5, 2018, 11:46 a.m.
  • Length: 14:56
Show
View Real Time Build Order
Export as new Build Order

ILIEKEGGPIE Protoss 

Build Orders:  

Get SALT Encoding   

  12  0:00  Probe  
  13  0:12  Probe  
  14  0:22  Pylon  
  14  0:25  Probe  
  15  0:40  Probe (Chrono Boost)  
  17  0:50  Probe (Chrono Boost)  
  17  0:55  Gateway  
  17  1:01  Gateway  
  17  1:07  Probe (Chrono Boost)  
  18  1:18  Assimilator  
  18  1:19  Probe (Chrono Boost)  
  18  1:22  Assimilator  
  19  1:47  Cybernetics Core  
  19  1:49  Assimilator  
  19  2:16  Gateway  
  19  2:18  Pylon  
  19  2:21  Warp Gate (Chrono Boost)  
  19  2:27  Stalker, Zealot  
  23  3:04  Stalker  
  25  3:11  Nexus  
  26  3:13  Probe (Chrono Boost)  
  26  3:14  Pylon  
  26  3:22  Probe (Chrono Boost)  
  27  3:27  Probe (Chrono Boost)  
  27  3:28  Robotics Facility  
  28  3:38  Stalker  
  30  4:01  Sentry  
  32  4:19  Observer (Chrono Boost)  
  33  4:26  Probe (Chrono Boost)  
  35  4:32  Immortal (Chrono Boost), Probe (Chrono Boost)  
  35  4:36  Probe (Chrono Boost)  
  41  4:39  Probe (Chrono Boost)  
  41  4:50  Gateway x2  
  41  4:58  Probe x2  
  41  4:59  Pylon  
  43  5:10  Probe x2  
  45  5:14  Immortal (Chrono Boost)  
  49  5:28  Probe (Chrono Boost)  
  51  5:30  Sentry  
  51  5:31  Zealot  
  51  5:33  Probe (Chrono Boost)  
  55  5:39  Probe (Chrono Boost)  
  55  5:41  Probe (Chrono Boost)  
  57  5:43  Assimilator  
  57  5:47  Assimilator  
  57  5:48  Probe  
  58  5:50  Pylon  
  58  5:57  Forge  
  58  6:01  Gateway  
  58  6:06  Gateway  
  58  6:08  Pylon  
  58  6:35  Robotics Bay  
  58  6:36  Robotics Facility, Probe (Chrono Boost)  
  60  6:42  Probe (Chrono Boost)  
  60  6:47  Probe (Chrono Boost)  
  61  6:52  Probe (Chrono Boost)  
  61  6:53  Probe (Chrono Boost)  
  63  7:00  Probe x2  
  65  7:02  Protoss Ground Weapons Level 1 (Chrono Boost)  
  65  7:09  Immortal  
  65  7:12  Stalker x2, Probe x2  
  71  7:22  Stalker  
  68  7:24  Probe  
  68  7:25  Probe  
  68  7:28  Sentry  
  68  7:36  Probe  
  68  7:37  Probe  
  67  7:52  Stalker  
  69  8:15  Stalker x3  
  69  8:17  Stalker  
  77  8:23  Pylon  
  77  8:33  Probe (Chrono Boost)  
  78  8:34  Pylon  
  78  8:40  Probe (Chrono Boost)  
  80  8:42  Probe (Chrono Boost)  
  80  8:43  Stalker x2  
  84  8:49  Probe (Chrono Boost)  
  84  8:51  Pylon  
  85  9:01  Probe (Chrono Boost)  
  87  9:05  Probe (Chrono Boost)  
  87  9:12  Immortal  
  87  9:13  Probe (Chrono Boost)  
  92  9:22  Stalker  
  92  9:32  Probe (Chrono Boost)  
  92  9:37  Probe (Chrono Boost)  
  94  9:42  Nexus  
  94  9:44  Pylon  
  94  9:45  Probe (Chrono Boost)  
  85  9:56  Probe  
  85  9:58  Colossus (Chrono Boost)  
  98  10:08  Colossus (Chrono Boost)  
  98  10:18  Protoss Ground Armor Level 1  
  98  10:24  Extended Thermal Lance  
  98  10:27  Pylon  
  98  10:30  Assimilator  
  98  10:33  Twilight Council  
  98  10:48  Photon Cannon  
  98  10:52  Photon Cannon  
  98  10:58  Photon Cannon  
  98  11:01  Observer  
  98  11:18  Probe x2 (Chrono Boost)  
  100  11:21  Colossus x2 (Chrono Boost)  
  100  11:22  Probe (Chrono Boost)  
  113  11:32  Probe x3 (Chrono Boost)  
  116  11:40  Probe x2  
  116  11:43  Forge  
  115  12:07  Colossus (Chrono Boost)  
  72  12:19  Stalker x4  
  72  12:20  Stalker x2  
  72  12:38  Immortal (Chrono Boost)  
  56  12:49  Sentry x3  
  56  12:50  Zealot x2  
  66  12:56  Immortal (Chrono Boost)  
  70  13:00  Colossus (Chrono Boost)  
  67  13:47  Immortal x2  
  67  14:06  Cybernetics Core  
Show
View Real Time Build Order
Export as new Build Order

BizMac Zerg 

Build Orders: Pool First 

Get SALT Encoding   

  12  0:02  Drone  
  13  0:08  Drone  
  14  0:17  Overlord  
  14  0:36  Drone x3  
  17  0:48  Extractor  
  16  0:52  Spawning Pool  
  16  0:53  Drone  
  16  0:59  Drone  
  17  1:39  Hatchery, Queen  
  18  1:46  Zergling x4  
  20  2:01  Overlord  
  20  2:02  Drone  
  21  2:13  Drone  
  22  2:25  Zergling x2  
  22  2:29  Metabolic Boost  
  22  2:40  Drone  
  23  2:49  Lair  
  24  2:51  Drone x4  
  24  2:53  Extractor  
  26  3:00  Queen  
  26  3:03  Drone x2  
  30  3:21  Overlord x2  
  30  3:24  Drone x3  
  33  3:45  Zergling x8  
  37  3:56  Hydralisk Den  
  37  4:02  Roach Warren  
  35  4:03  Drone x3  
  35  4:07  Drone x3  
  41  4:28  Overlord  
  41  4:34  Evolution Chamber  
  40  4:39  Drone x4  
  40  4:45  Roach x4  
  52  4:46  Overlord  
  52  4:49  Overlord  
  52  5:01  Zerg Ground Armor Level 1  
  51  5:29  Glial Reconstitution  
  51  5:34  Overlord x2  
  51  5:35  Drone  
  51  5:36  Drone x8  
  51  5:39  Extractor x2  
  51  5:42  Queen  
  60  5:55  Roach x2  
  64  5:58  Hatchery  
  58  6:42  Spore Crawler  
  58  6:43  Spore Crawler, Drone x4  
  60  6:50  Spire  
  60  6:53  Hydralisk x6  
  60  6:54  Hydralisk  
  69  7:00  Grooved Spines  
  73  7:21  Drone x3  
  76  7:48  Drone, Spine Crawler  
  76  7:49  Drone x5  
  81  7:59  Spore Crawler  
  81  8:01  Spine Crawler  
  79  8:08  Drone x2  
  79  8:09  Drone, Queen  
  84  8:13  Hydralisk x7  
  95  8:20  Drone x3  
  98  8:37  Spore Crawler  
  96  8:46  Drone x2  
  98  8:50  Overlord x4  
  98  9:03  Muscular Augments  
  98  9:12  Drone x3  
  101  9:20  Corruptor  
  101  9:21  Extractor, Corruptor x6  
  101  9:23  Extractor  
  108  10:02  Roach x10  
  128  10:08  Zerg Missile Weapons Level 1  
  128  10:13  Evolution Chamber  
  127  10:23  Drone x2  
  127  10:24  Overlord x2  
  129  10:52  Overlord  
  129  10:53  Overlord x3  
  129  10:55  Roach  
  129  10:56  Roach  
  133  11:04  Spore Crawler  
  130  11:12  Overseer  
  130  11:35  Hydralisk  
  130  11:36  Hydralisk x5  
  138  12:01  Corruptor x4  
  146  12:14  Roach x2  
  115  12:33  Roach x5  
  115  12:34  Roach x8  
  85  12:53  Hydralisk x7  
  99  13:02  Corruptor x3  
  99  13:29  Hydralisk x6  
  103  13:46  Hydralisk x4  
  103  13:47  Hydralisk x8  
  119  14:11  Hydralisk x3  
Show
View Real Time Build Order
Export as new Build Order

Oiba Protoss - Winner!

Build Orders:  

Get SALT Encoding   

  12  0:01  Probe  
  13  0:13  Probe  
  14  0:20  Pylon  
  14  0:27  Probe  
  15  0:39  Probe  
  16  0:42  Gateway  
  16  0:52  Probe  
  16  0:53  Assimilator  
  17  1:04  Probe  
  18  1:16  Probe  
  19  1:28  Probe  
  19  1:31  Cybernetics Core  
  20  1:36  Zealot, Pylon  
  22  1:40  Probe (Chrono Boost)  
  23  1:52  Assimilator  
  24  1:54  Probe (Chrono Boost)  
  24  2:00  Warp Gate (Chrono Boost)  
  24  2:01  Probe  
  24  2:05  Pylon  
  24  2:12  Stalker  
  24  2:13  Probe  
  27  2:25  Probe  
  27  2:27  Gateway  
  28  2:34  Gateway  
  28  2:54  Sentry  
  30  3:04  Nexus  
  30  3:20  Robotics Facility  
  30  3:30  Probe  
  31  3:35  Assimilator  
  31  3:39  Assimilator  
  31  3:42  Probe  
  31  3:44  Pylon  
  32  3:54  Probe  
  33  4:06  Probe  
  35  4:10  Observer  
  35  4:13  Stalker x2  
  39  4:25  Probe  
  39  4:26  Probe  
  41  4:37  Forge  
  41  4:38  Probe x2  
  43  4:44  Pylon  
  43  4:50  Probe  
  43  4:51  Probe  
  45  4:57  Pylon  
  45  5:02  Probe  
  45  5:03  Probe  
  47  5:16  Photon Cannon  
  47  5:25  Shield Battery  
  47  5:27  Immortal  
  51  5:30  Zealot, Protoss Ground Weapons Level 1 (Chrono Boost)  
  53  5:54  Robotics Bay  
  53  5:58  Gateway  
  53  5:59  Gateway  
  53  6:07  Photon Cannon  
  53  6:09  Pylon  
  53  6:18  Observer (Chrono Boost)  
  54  6:22  Stalker x2  
  58  6:36  Immortal (Chrono Boost)  
  62  6:47  Robotics Facility  
  62  7:05  Probe x2  
  62  7:06  Twilight Council  
  62  7:08  Protoss Ground Armor Level 1 (Chrono Boost)  
  64  7:17  Probe, Forge  
  64  7:18  Probe  
  64  7:22  Immortal  
  70  7:29  Probe  
  71  7:30  Probe  
  71  7:35  Charge (Chrono Boost)  
  72  7:44  Pylon  
  72  7:53  Zealot x2, Extended Thermal Lance (Chrono Boost)  
  72  7:54  Zealot  
  72  7:55  Protoss Shields Level 1 (Chrono Boost)  
  78  8:05  Observer  
  78  8:10  Colossus  
  84  8:30  Colossus  
  90  8:46  Robotics Facility  
  90  8:50  Stalker x2  
  94  9:00  Pylon  
  94  9:04  Observer  
  94  9:05  Pylon  
  94  9:07  Pylon  
  94  9:09  Photon Cannon  
  94  9:12  Photon Cannon  
  94  9:14  Shield Battery  
  94  9:15  Protoss Ground Weapons Level 2 (Chrono Boost)  
  94  9:22  Photon Cannon  
  94  9:58  Colossus x2  
  106  10:00  Stalker x4  
  114  10:16  Nexus  
  114  10:18  Protoss Ground Armor Level 2 (Chrono Boost)  
  114  10:26  Probe x2  
  116  10:34  Observer  
  116  10:35  Pylon  
  116  10:40  Zealot  
  118  10:53  Observer, Pylon  
  119  11:09  Blink (Chrono Boost)  
  119  11:19  Protoss Shields Level 2  
  119  11:26  Disruptor x3  
  128  12:01  Colossus x3  
  102  12:58  Stalker x4  
  98  12:59  Stalker  
  104  13:11  Assimilator, Probe x3  
  107  13:15  Assimilator  
  107  13:22  Gateway  
  107  13:23  Stalker x3, Probe x2  
  107  13:24  Gateway, Probe  
  107  13:26  Gateway  
  116  13:27  Gateway  
  116  13:29  Gateway  
  100  13:48  Zealot x3  
  102  13:49  Zealot x2  
  80  14:49  Stalker  
  80  14:50  Stalker x4  
Show
View Real Time Build Order
Export as new Build Order

hotwire Protoss - Winner!

Build Orders:  

Get SALT Encoding   

  12  0:01  Probe  
  13  0:13  Probe  
  14  0:21  Pylon  
  14  0:25  Probe  
  15  0:39  Gateway  
  15  0:43  Probe (Chrono Boost)  
  15  0:46  Assimilator  
  16  0:53  Probe (Chrono Boost)  
  17  0:58  Probe (Chrono Boost)  
  17  1:03  Pylon  
  18  1:13  Probe  
  19  1:22  Gateway  
  19  1:26  Cybernetics Core  
  19  1:32  Zealot (Chrono Boost)  
  21  1:41  Probe  
  22  1:53  Probe  
  23  2:02  Warp Gate (Chrono Boost)  
  23  2:05  Probe  
  23  2:08  Adept  
  26  2:11  Shield Battery  
  26  2:17  Probe  
  27  2:39  Nexus  
  27  2:46  Adept x2  
  31  2:53  Probe  
  31  2:54  Pylon  
  31  3:16  Robotics Facility  
  31  3:20  Probe  
  31  3:23  Pylon  
  32  3:27  Assimilator  
  32  3:37  Twilight Council  
  32  3:39  Probe  
  33  3:47  Shield Battery  
  33  3:52  Probe  
  33  3:54  Forge  
  34  4:00  Probe  
  35  4:04  Assimilator  
  35  4:14  Gateway  
  35  4:17  Probe x2  
  35  4:22  Resonating Glaives (Chrono Boost)  
  37  4:30  Probe (Chrono Boost)  
  39  4:32  Probe (Chrono Boost)  
  39  4:36  Assimilator  
  39  4:39  Protoss Ground Weapons Level 1  
  40  4:46  Probe (Chrono Boost)  
  40  4:49  Warp Prism  
  40  4:50  Probe (Chrono Boost)  
  43  4:55  Probe (Chrono Boost)  
  44  5:06  Pylon  
  45  5:08  Probe (Chrono Boost)  
  45  5:12  Sentry  
  47  5:21  Adept  
  43  5:25  Probe x2  
  45  5:38  Probe (Chrono Boost)  
  45  5:39  Adept  
  45  5:40  Adept, Probe (Chrono Boost)  
  53  5:50  Probe (Chrono Boost)  
  53  5:54  Probe (Chrono Boost)  
  53  5:55  Probe (Chrono Boost), Robotics Bay  
  54  6:02  Probe  
  55  6:07  Probe  
  56  6:14  Probe  
  57  6:19  Probe  
  57  6:24  Stalker x2  
  57  6:25  Stalker  
  64  6:27  Immortal  
  64  6:29  Probe  
  69  6:34  Probe  
  70  6:43  Robotics Facility  
  70  6:45  Pylon  
  70  7:04  Probe x2  
  72  7:09  Nexus  
  72  7:16  Probe x2  
  74  7:28  Probe x2  
  76  7:40  Probe x2  
  78  7:48  Pylon  
  78  7:50  Pylon  
  78  7:51  Gateway  
  78  7:53  Gateway  
  78  8:06  Immortal, Probe x2  
  78  8:08  Immortal, Protoss Ground Armor Level 1  
  88  8:23  Probe x2  
  88  8:26  Adept x2  
  94  8:41  Probe x2  
  96  8:45  Immortal  
  96  8:47  Colossus  
  106  8:49  Photon Cannon  
  106  8:50  Dark Shrine  
  106  8:51  Photon Cannon  
  106  8:52  Adept  
  108  8:58  Pylon  
  108  8:59  Pylon  
  108  9:09  Probe  
  109  9:16  Probe x2  
  111  9:19  Stalker  
  111  9:20  Stalker x3  
  111  9:21  Probe  
  120  9:30  Stalker  
  122  9:32  Blink  
  122  9:36  Photon Cannon  
  122  9:38  Shield Battery  
  122  9:40  Probe  
  122  9:41  Probe x2  
  105  10:03  Dark Templar x3  
  105  10:04  Dark Templar x2  
  105  10:05  Probe x2  
  117  10:09  Archon x2  
  117  10:15  Gateway  
  117  10:18  Gateway  
  117  10:20  Gateway  
  117  10:27  Photon Cannon  
  117  10:31  Pylon  
  117  10:33  Pylon  
  117  10:37  Probe x3  
  120  10:45  Dark Templar x2  
  124  10:52  Pylon  
  124  10:54  Probe, Pylon  
  124  10:55  Probe x2  
  127  11:00  Assimilator  
  121  11:08  Stalker  
  121  11:09  Stalker x2  
  127  11:12  Probe  
  128  11:22  Warp Prism  
  128  11:35  Stalker  
  128  11:36  Stalker x2  
  128  11:38  Stalker x5  
  144  11:52  Warp Prism  
  142  12:01  Immortal  
  144  12:25  Dark Templar  
  144  12:26  Stalker x2  
  144  12:27  Stalker  
  140  12:30  Sentry x2  
  138  12:46  Dark Templar x2  
  138  12:51  Archon  
  138  12:55  Dark Templar x3  
  138  12:56  Dark Templar x2  
  138  12:58  Probe  
  149  13:02  Pylon  
  149  13:04  Pylon  
  149  13:06  Pylon  
  149  13:07  Pylon  
  149  13:10  Assimilator  
  149  13:12  Archon x2, Nexus  
  149  13:13  Archon  
  149  13:20  Immortal, Probe  
  149  13:27  Stalker x4  
  150  13:47  Stalker x2  
  154  13:48  Immortal  
  154  13:50  Dark Templar x3  
  154  13:52  Probe  
  161  14:00  Immortal  
  161  14:02  Pylon  
  165  14:04  Pylon  
  165  14:06  Robotics Facility  
  161  14:10  Archon  
  161  14:12  Stalker x2  
  161  14:13  Stalker x2  
  151  14:50  Stalker x2  
  151  14:51  Stalker x4  
  151  14:52  Stalker x2  
Tags
 
Add a new tag
Caveats
  • Supply blocks, unpowered buildings, or Contaminate may cause inaccurate times.
  • Supply counts are checked every 10 seconds.